Map: Prion Terraces

Players

Nuckzer - Winner!

  • Race: Zerg Zerg
  • League: Diamond

Raguel

  • Race: Zerg Zerg
  • League: Diamond

VOD

Have the link to the VOD?

Description

Time

  • Played on: Feb. 17, 2016, 2:43 p.m.
  • Length: 5:31
Show
View Real Time Build Order
Export as new Build Order

Nuckzer Zerg - Winner!

Build Orders: Pool First, Zergling Baneling 

Get SALT Encoding   

  12  0:01  Drone  
  13  0:23  Spawning Pool  
  12  0:28  Drone  
  12  0:29  Extractor  
  12  0:39  Drone x2  
  14  0:43  Extractor  
  14  0:44  Drone  
  15  0:55  Overlord  
  15  1:13  Zergling x4  
  15  1:14  Queen  
  19  1:24  Zergling x2  
  20  1:32  Metabolic Boost  
  20  1:35  Overlord  
  20  1:44  Zergling x2  
  21  1:55  Zergling x2  
  22  2:02  Baneling Nest  
  21  2:09  Zergling x2  
  22  2:23  Zergling x8  
  26  2:30  Overlord  
  26  2:45  Zergling x2  
  27  2:53  Baneling x4  
  27  2:58  Zergling x2  
  27  2:59  Zergling x6  
  30  3:12  Zergling x2  
  24  3:36  Zergling x4  
  24  3:41  Hatchery  
  24  3:43  Zergling x2  
  24  3:52  Baneling x2  
  23  4:03  Baneling x2  
  23  4:06  Zergling x4  
  18  4:25  Zergling x6  
  18  4:29  Queen  
  18  4:31  Zergling x2  
  24  4:42  Zergling x4  
  25  4:51  Baneling x2  
  25  4:52  Baneling  
  25  5:05  Zergling x6  
Show
View Real Time Build Order
Export as new Build Order

Raguel Zerg 

Build Orders: Hatch First 

Get SALT Encoding   

  12  0:01  Drone  
  13  0:12  Overlord  
  13  0:20  Drone  
  14  0:30  Drone x2  
  17  0:35  Drone  
  17  0:55  Hatchery  
  16  0:58  Drone  
  17  1:12  Spawning Pool  
  17  1:13  Drone  
  17  1:16  Extractor  
  16  1:23  Drone x2  
  18  1:31  Drone  
  19  1:42  Overlord  
  19  1:52  Drone  
  20  2:01  Queen  
  20  2:03  Zergling x2  
  23  2:17  Zergling x2  
  24  2:29  Spine Crawler  
  23  2:36  Baneling Nest  
  22  2:39  Queen  
  22  2:40  Queen  
  22  2:42  Zergling x2  
  22  2:43  Zergling x4  
  29  2:52  Metabolic Boost  
  29  2:54  Zergling x2  
  25  3:14  Zergling x8  
  26  3:26  Zergling x4  
  20  3:38  Baneling  
  20  3:39  Baneling  
  17  4:02  Zergling x8  
  20  4:04  Baneling x2  
  11  4:26  Queen  
  13  4:34  Drone x2  
  14  4:49  Drone  
  14  4:50  Drone  
Tags
 
Add a new tag
Caveats
  • Supply blocks, unpowered buildings, or Contaminate may cause inaccurate times.
  • Supply counts are checked every 10 seconds.